 Dungeon Crawl Stone Soup version 0.26-a0-966-gd078a86f14 (webtiles) character file.

Game seed: 7670353303511282586

219 siradein the Stinger (level 5, -5/35 HPs)
             Began as a Demonspawn Venom Mage on Dec 3, 2020.
             Was an Initiate of Sif Muna.
             Killed from afar by a white imp (11 damage)
             ... with a puff of frost
             ... on level 5 of the Dungeon.
             The game lasted 00:21:56 (3784 turns).

siradein the Stinger (Demonspawn Venom Mage)        Turns: 3784, Time: 00:21:56

Health: -5/35      AC:  2    Str:  8    XL:     5   Next: 63%
Magic:  9/9        EV: 12    Int: 25    God:    Sif Muna [......]
Gold:   198        SH:  0    Dex: 14    Spells: 3/10 levels left

rFire    . . .     SeeInvis .   (no weapon)
rCold    . . .     Faith    .   (no shield)
rNeg     . . .     Spirit   .   a - +0 robe
rPois    .         Reflect  .   (no helmet)
rElec    .         Harm     .   (no cloak)
rCorr    .         Rampage  .   (no gloves)
MR       .....                  (no boots)
Stlth    ++........             (no amulet)
HPRegen  0.11/turn              j - +6 ring of intelligence
MPRegen  0.11/turn              (no ring)

@: no status effects
A: demonic guardian 1, big brain 1
a: Renounce Religion


You were on level 5 of the Dungeon.
You worshipped Sif Muna.
Sif Muna was noncommittal.
You visited 2 branches of the dungeon, and saw 6 of its levels.

You collected 198 gold pieces.

Inventory:

Armour
 a - a +0 robe (worn)
Jewellery
 j - a +6 ring of intelligence (left hand)
Wands
 y - a wand of paralysis (7)
Scrolls
 c - a scroll of blinking {unknown}
 f - 6 scrolls of identify {unknown}
 i - a scroll of magic mapping {unknown}
 l - a scroll of fear {unknown}
 m - a scroll of enchant weapon {unknown}
 n - a scroll of noise {unknown}
 o - a scroll of fog {unknown}
 q - a scroll of enchant armour {unknown}
 r - 3 scrolls of amnesia {unknown}
 s - a scroll of immolation {unknown}
 t - 2 scrolls of random uselessness {unknown}
 u - a scroll of remove curse {unknown}
 v - a scroll of teleportation {unknown}
Potions
 b - a potion of might {unknown}
 d - 2 potions of attraction {unknown}
 e - a potion of brilliance {unknown}
 g - a potion of cancellation {unknown}
 h - a potion of degeneration {unknown}
 k - a potion of curing {unknown}
 p - a potion of haste {unknown}
 w - a potion of flight {unknown}
 x - a potion of heal wounds {unknown}


   Skills:
 - Level 1.7 Dodging
 - Level 1.7 Stealth
 + Level 3.1 Spellcasting
 - Level 0.8 Transmutations
 + Level 5.8 Poison Magic


You had 3 spell levels left.
You knew the following spells:

 Your Spells              Type           Power        Failure   Level
a - Sting                 Tmut/Pois      ###.         2%          1
b - Poisonous Vapours     Pois/Air       ###...       4%          2
c - Ignite Poison         Fire/Tmut/Pois ###.....     12%         3
d - Animate Skeleton      Necr           #.....       10%         1

Your spell library contained the following spells:

 Spells                   Type           Power        Failure   Level
 Pain                     Necr           #...         10%         1
 Mephitic Cloud           Conj/Pois/Air  ##......     14%         3
 Vampiric Draining        Necr           #.........   30%         3
 Olgreb's Toxic Radiance  Pois           ####....     9%          4
 Animate Dead             Necr           #.........   69%         4
 Agony                    Necr           #.......     95%         5


Dungeon Overview and Level Annotations

Branches:
Dungeon (5/15)             Temple (1/1) D:5

Altars:
Cheibriados
Dithmenos
Elyvilon
Fedhas
Hepliaklqana
Kikubaaqudgha
Makhleb
Nemelex Xobeh
Okawaru
Qazlal
Sif Muna
Uskayaw
Vehumet
Wu Jian
Yredelemnul
Zin
The Shining One

Annotations:
D:3 Grinder
D:4 Menkaure
D:5 3 runed translucent doors, araganzar's ghost, weakling DsDe


Innate Abilities, Weirdness & Mutations

A weak demonic guardian rushes to your aid.
You have an unusually large brain. (Int +2)


Message History

The white imp is heavily wounded.
The white imp gestures at you. The puff of frost hits you!
You hit the white imp but do no damage.
The white imp is heavily wounded.
The white imp barely misses you.
The orc shouts!
You hit the white imp but do no damage.
The white imp is heavily wounded.
You hear a shout! x2
The white imp hits you.
* * * LOW HITPOINT WARNING * * *
The white imp freezes you.
* * * LOW HITPOINT WARNING * * *
You hear a shout!
You closely miss the white imp.
The white imp is heavily wounded.
The white imp gestures at you. The puff of frost hits you!
You die... # #8 .8o 8# ##...# #.### .Wo

###.#....#
#....#####....#....####
#.o...oooo....##......##
######+++########.....#.
8.............8#........
#.# ##.##..$... #.#
#.......).. #@#
#........<.
#5#######.........
#.........#.#.....
###.#...#####.....
#.....###.....##
#........#.....##
###..##.....##.#
#..###....#..##
..#5.##...........


You could see an orc priest, araganzar's ghost, a white imp and 4 orcs.

Vanquished Creatures
  A scorpion (D:5)
  Terence (D:3)
  3 adders
  A worm (D:2)
  6 dart slugs
  A leopard gecko (D:3)
  4 orcs (D:3)
  2 ball pythons
  4 giant cockroaches
  11 goblins
  7 hobgoblins
  4 jackals (D:1)
  3 kobolds
  2 quokkas (D:3)
  5 bats
  4 frilled lizards
  9 rats
68 creatures vanquished.

Vanquished Creatures (collateral kills)
  A worker ant (D:5)
1 creature vanquished.

Grand Total: 69 creatures vanquished

Notes
Turn   | Place    | Note
-------+----------+-------------------------------------------
     0 | D:1      | siradein the Demonspawn Venom Mage began the quest for the
                  | Orb.
     0 | D:1      | Reached XP level 1. HP: 13/13 MP: 3/3
   172 | D:1      | Gained mutation: A weak demonic guardian rushes to your
                  | aid. [demonic ancestry]
   172 | D:1      | Reached XP level 2. HP: 19/19 MP: 3/5
   793 | D:1      | Reached skill level 4 in Poison Magic
   948 | D:1      | Reached XP level 3. HP: 24/24 MP: 4/6
  1392 | D:2      | Learned a level 2 spell: Poisonous Vapours
  1396 | D:2      | Learned a level 3 spell: Ignite Poison
  1816 | D:2      | Reached XP level 4. HP: 30/30 MP: 4/7
  1908 | D:2      | Reached skill level 5 in Poison Magic
  2373 | D:3      | Noticed Terence
  2408 | D:3      | Killed Terence
  2947 | D:3      | Learned a level 1 spell: Animate Skeleton
  2972 | D:3      | Gained mutation: You have an unusually large brain. (Int
                  | +2) [demonic ancestry]
  2972 | D:3      | Reached XP level 5. HP: 35/35 MP: 3/8
  3329 | D:3      | Noticed Grinder
  3463 | D:4      | Noticed Menkaure
  3496 | D:5      | Entered Level 5 of the Dungeon
  3503 | D:5      | Found a staircase to the Ecumenical Temple.
  3532 | Temple   | Entered the Ecumenical Temple
  3675 | Temple   | Became a worshipper of Sif Muna the Loreminder
  3767 | D:5      | Found a runed translucent gate.
  3767 | D:5      | Found a runed translucent gate.
  3768 | D:5      | Found a runed translucent gate.
  3769 | D:5      | Noticed araganzar's ghost (weakling DsDe)
  3784 | D:5      | Killed from afar by a white imp

Illustrated notes

Levels and vault maps discovered:
D:1:      dpeg_arrival_simpleton_c, layout_basic, minmay_indecisive_spiral
D:2:      layout_basic, minmay_hexomino_u4
D:3:      layout_loops_ring, uniq_crazy_yiuf_cottage, uniq_jessica,
          uniq_terence, uniq_grinder
D:4:      layout_cave_pods, kennysheep_mini_moat, minivault_27, uniq_menkaure
D:5:      layout_cave_pools, nicolae_overflow_hidden_temple,
          ashenzari_conservatory_becter, minmay_temple_entry_statues_fountains,
          biasface_ghost_orc_armoury, serial_shops, kennysheep_little_box,
          gup_sewer_entry_bowl
Temple:   minmay_crystal_spiral_temple

Skill      XL: |  1  2  3  4  5 |
---------------+----------------+-----
Poison Magic   | 4 5 |  5.8
Spellcasting   | 3 |  3.1
Dodging        | |  1.7
Stealth        | |  1.7
Transmutations | |  0.8

Action                   |  1- 3 |  4- 6 || total
-------------------------+-------+-------++-------
Melee: Unarmed           |       |    10 ||    10
 Cast: Sting             |    58 |     8 ||    66
       Poisonous Vapours |     8 |    34 ||    42
Armor: Robe              |     7 |     2 ||     9
Dodge: Dodged            |    42 |    14 ||    56

Table legend: (Time is in decaauts)
 A = Elapsed time spent in this place.
 B = Non-inter-level travel time spent in this place.
 C = Inter-level travel time spent in this place.
 D = Time resting spent in this place.
 E = Time spent auto-exploring this place.
 F = Levels seen in this place.
 G = Mean time per level.
                   A        B        C        D        E       F      G
               +--------+--------+--------+--------+--------+-----+--------+
         Total |   3783 |   3743 |     40 |     54 |   2676 |   6 |  630.5 |
       Dungeon |   3597 |   3557 |     40 |     54 |   2676 |   5 |  719.4 |
        Temple |    186 |    186 |      0 |      0 |      0 |   1 |  186.0 |
               +--------+--------+--------+--------+--------+-----+--------+

Top non-repeatable levels by time:
     D:2: 1176 daAuts
     D:1: 1146 daAuts
     D:3: 1029 daAuts
  Temple: 186 daAuts
     D:4: 143 daAuts
     D:5: 101 daAuts
